 Dungeon Crawl Stone Soup version 0.26-a0-670-g578ab304f5 (webtiles) character file.

Game seed: 13189115287748762268

286 Alfie the Covered (level 6, 0/53 HPs)
             Began as a Hill Orc Fighter on Oct 19, 2020.
             Slain by a jackal (2 damage)
             ... on level 3 of the Dungeon.
             The game lasted 00:07:14 (2932 turns).

Alfie the Covered (Hill Orc Fighter)                Turns: 2932, Time: 00:07:16

Health: 0/53       AC:  8    Str: 21    XL:     6   Next: 30%
Magic:  6/6        EV:  8    Int:  8    God:
Gold:   186        SH:  9    Dex: 10    Spells: 5/5 levels left

rFire    . . .     SeeInvis .   a - +2 rapier
rCold    . . .     Faith    .   c - +0 kite shield
rNeg     . . .     Spirit   .   b - +1 scale mail
rPois    +         Reflect  .   (no helmet)
rElec    .         Harm     .   (no cloak)
rCorr    .         Rampage  .   (no gloves)
MR       .....                  (no boots)
Stlth    ..........             (no amulet)
HPRegen  0.17/turn              l - ring of poison resistance
MPRegen  0.10/turn              (no ring)

@: mighty
A: no striking features
a: no special abilities


You were on level 3 of the Dungeon.
You visited 1 branch of the dungeon, and saw 4 of its levels.

You collected 186 gold pieces.

Inventory:

Hand Weapons
 a - a +2 rapier (weapon)
Armour
 b - a +1 scale mail (worn)
 c - a +0 kite shield (worn)
Jewellery
 l - a ring of poison resistance (left hand)
 q - an uncursed ring of magical power
Wands
 k - a wand of random effects (9)
Scrolls
 g - a scroll of identify
 h - a scroll of remove curse
 j - a scroll of fog
 m - a scroll of random uselessness {unknown}
 o - a scroll of enchant armour
Potions
 d - a potion of might
 e - a potion of curing
 f - 4 potions of lignification
 i - 2 potions of flight {unknown}
 n - a potion of cancellation {unknown}
 p - 2 potions of stabbing {unknown}


   Skills:
 + Level 4.5 Fighting
 + Level 4.0 Short Blades
 + Level 4.6 Armour
 + Level 1.1 Dodging
 + Level 4.5 Shields


You had 5 spell levels left.
You didn't know any spells.
Your spell library was empty.

Dungeon Overview and Level Annotations

Branches:
Dungeon (4/15)
 Temple: D:4-7

Altars:


Message History

The jackal is lightly wounded.
The jackal bites you but does no damage. x2
You block the jackal's attack.
You closely miss the jackal.
The jackal is lightly wounded.
The jackal barely misses you. x2; The jackal closely misses you.
You block the jackal's attack. The jackal bites you.
* * * LOW HITPOINT WARNING * * *
You closely miss the jackal.
The jackal is lightly wounded.
You block the jackal's attack. The jackal completely misses you.
You block the jackal's attack.
The jackal bites you but does no damage.
Your scale mail prevents you from hitting the jackal.
The jackal is lightly wounded.
The jackal bites you.
* * * LOW HITPOINT WARNING * * *
The jackal completely misses you. You block the jackal's attack. x2
The jackal bites you.
You die...

#.#.####.# ##.....## ###.###
#.#.## #.# ##...######## #.#
#.#..###.# ##'##......# #.#
#......#.######.##.####.# #.#
#.##.#.#.#.......#.# #.# #.#
#........#.####..#.####.# #.#
#.##.#.###.##........##.###.#
#.##....(.....hh...#........#
#.####.###.###@h.#.####.#####
#.####.# #.####..#......#
#......# #.......########
######## ######.## #.# #.#
######### #.# #.......#
#.###### #.......# #......#


You could see 3 jackals.

Vanquished Creatures
  A scorpion (D:3)
  A water moccasin skeleton (D:3)
  A howler monkey (D:3)
  A hound (D:4)
  3 adders
  An ooze (D:2)
  An adder zombie (D:3)
  A worm (D:2)
  3 dart slugs
  2 orcs (D:3)
  9 giant cockroaches
  11 goblins
  5 hobgoblins (D:1)
  6 jackals
  A quokka (D:2)
  3 ball pythons
  7 bats
  4 frilled lizards
  5 kobolds
  A quokka zombie (D:4)
  5 rats
72 creatures vanquished.

Notes
Turn   | Place    | Note
-------+----------+-------------------------------------------
     0 | D:1      | Alfie the Hill Orc Fighter began the quest for the Orb.
     0 | D:1      | Reached XP level 1. HP: 19/19 MP: 1/1
   113 | D:1      | Reached XP level 2. HP: 13/27 MP: 2/2
   674 | D:1      | Reached XP level 3. HP: 31/33 MP: 3/3
  1437 | D:2      | Reached XP level 4. HP: 25/40 MP: 4/4
  1922 | D:3      | Reached XP level 5. HP: 27/46 MP: 5/5
  2841 | D:3      | Reached skill level 1 in Dodging
  2841 | D:3      | Reached XP level 6. HP: 10/53 MP: 6/6
  2932 | D:3      | HP: 2/53 [jackal (2)]
  2932 | D:3      | Slain by a jackal

Illustrated notes

Levels and vault maps discovered:
D:1:      minmay_arrival_open_corners, layout_basic, minmay_strange_pillars,
          minmay_pentomino_p2
D:2:      layout_rooms, chequers_avenue, kennysheep_nondescript,
          kennysheep_generic_room_16
D:3:      layout_loops_corners
D:4:      layout_rooms, serial_undead, serial_undead_e, serial_undead_c,
          serial_undead_e, serial_undead_b, grunt_dithmenos_shadows

Skill      XL: |  1  2  3  4  5  6 |
---------------+-------------------+-----
Fighting       | 4 |  4.5
Armour         | 4 |  4.6
Short Blades   | 3 4 |  4.0
Shields        | 4 |  4.5
Dodging        | 1 |  1.1

Action                   |  1- 3 |  4- 6 || total
-------------------------+-------+-------++-------
Melee: Rapier            |   135 |   149 ||   284
  Use: Scroll            |     3 |     8 ||    11
       Potion            |       |     2 ||     2
Armor: Scale mail        |    83 |    90 ||   173
Dodge: Dodged            |    62 |    65 ||   127
Block: Kite shield       |    89 |   106 ||   195

Table legend: (Time is in decaauts)
 A = Elapsed time spent in this place.
 B = Non-inter-level travel time spent in this place.
 C = Inter-level travel time spent in this place.
 D = Time resting spent in this place.
 E = Time spent auto-exploring this place.
 F = Levels seen in this place.
 G = Mean time per level.
                   A        B        C        D        E       F      G
               +--------+--------+--------+--------+--------+-----+--------+
         Total |   2974 |   2921 |     53 |      0 |   2096 |   4 |  743.5 |
       Dungeon |   2974 |   2921 |     53 |      0 |   2096 |   4 |  743.5 |
               +--------+--------+--------+--------+--------+-----+--------+

Top non-repeatable levels by time:
     D:3: 1111 daAuts
     D:1: 1008 daAuts
     D:2: 801 daAuts
     D:4: 53 daAuts
